 Dungeon Crawl Stone Soup version 0.28.0-53-g5a82cb258f (webtiles) character file.

Game seed: 3556391031486947227

175 Stomo the Skirmisher (level 5, -2/42 HPs)
             Began as a Demonspawn Fighter on July 2, 2022.
             Killed by divine providence
             ... invoked by an orc priest
              (13 damage)
             ... on level 3 of the Dungeon.
             The game lasted 00:01:36 (2245 turns).

Stomo the Skirmisher (Demonspawn Fighter)           Turns: 2245, Time: 00:01:36

Health: -2/42      AC: 13    Str: 18    XL:     5   Next: 29%
Magic:  5/5        EV: 10    Int: 10    God:
Gold:   24         SH:  0    Dex: 12    Spells: 4/4 levels left

rFire   . . .      SeeInvis .   a - +0 flail
rCold   . . .      Faith    .   (no shield)
rNeg    . . .      Spirit   .   b - +0 scale mail
rPois   .          Reflect  .   (no helmet)
rElec   .          Harm     .   (no cloak)
rCorr   .          Rampage  .   (no gloves)
Will    .....                   (no boots)
Stlth   ..........              (no amulet)
HPRegen 0.14/turn               i - +4 ring of protection
MPRegen 0.09/turn               (no ring)

@: no status effects
A: thin metallic scales 2, spiny 2
a: no special abilities


You were on level 3 of the Dungeon.
You visited 1 branch of the dungeon, and saw 3 of its levels.

You collected 24 gold pieces.

Inventory:

Hand Weapons
 a - a +0 flail (weapon)
Armour
 b - a +0 scale mail (worn)
 c - a +0 buckler
Jewellery
 i - a +4 ring of protection (left hand)
 j - a ring of protection from fire
Scrolls
 g - 3 scrolls of magic mapping {unknown}
Potions
 d - a potion of might
 e - a potion of brilliance {unknown}
 f - a potion of flight {unknown}
 h - a potion of lignification {unknown}


   Skills:
 + Level 3.9 Fighting
 + Level 2.9 Maces & Flails
 + Level 3.6 Armour
 + Level 2.1 Dodging
 - Level 2.6 Shields


You had 4 spell levels left.
You didn't know any spells.
Your spell library contained the following spells:

 Spells                   Type           Power      Damage    Failure   Level
 Fireball                 Conj/Fire      0%         3d3       100%        5
 Iskenderun's Battlesphe  Conj           0%         2d6       100%        5
 Conjure Ball Lightning   Conj/Air       0%         3x3d6     100%        6
 Orb of Destruction       Conj           0%         9d5       100%        7


Dungeon Overview and Level Annotations

Branches:
Dungeon (3/15)

Altars:

Shops:
D:3 =

Annotations:
D:3 Sigmund


Innate Abilities, Weirdness & Mutations

You are mostly covered in thin metallic scales. (AC +3)
You are mostly covered in sharp spines.


Message History

The orc priest is lightly wounded.
The orc priest is struck by your spines.
The orc priest hits you but does no damage.
You hit the orc priest but do no damage.
The orc priest is lightly wounded.
The orc priest begins to cast a cantrip, but forgets the words!
Sigmund the Dreaded comes into view.
He is wielding a +0 scythe.
You hit the orc priest but do no damage.
The orc priest is lightly wounded.
The orc priest hits you but does no damage.
You hit the orc priest but do no damage.
The orc priest is lightly wounded.
The orc priest hits you but does no damage.
The orc priest is struck by your spines.
The orc priest barely misses you.
You closely miss the orc priest.
The orc priest is lightly wounded.
The orc priest looks encouraged for a moment.
Sigmund mumbles some strange words.
Sigmund flickers and vanishes!
Deactivating autopickup; reactivate with Ctrl-A.
You closely miss the orc priest.
The orc priest is lightly wounded.
The orc priest hits you but does no damage.
You barely miss the orc priest.
The orc priest is lightly wounded.
The orc priest hits you but does no damage.
You hit the orc priest but do no damage.
The orc priest is lightly wounded.
The orc priest hits you but does no damage.
The orc priest mumbles some strange prayers to Beogh against you.
Beogh smites you!
The orc priest is struck by your spines.
The orc priest barely misses you.
The orc priest mumbles some strange prayers to Beogh against you.
Beogh smites you!
* * * LOW HITPOINT WARNING * * *
The orc priest calls down the wrath of Beogh upon you.
Beogh smites you!
You die...

.######## ..##...............#
o...(...# #.##...............#
...$....# #.##...............##
........# #.##........##.#.....
........###..#........##.######
.......o.oo................>...
.......o###..#.........#.#..###
..(.....# #.o...............###
........# #.#.@.............#..
........# #.#...............#.#
######### #.##.............##.#
.######## #.##.................
........# #.##.............##.#
........# #.###........#.#.##.#
........# #.# #...............#
........# #.# #...............#
........#####.#
#...............#


You could see 2 orc priests and an orc.

Vanquished Creatures
  2 orc priests
  An orc wizard (D:3)
  2 adders (D:2)
  9 orcs
  7 ball pythons
  4 bats
  5 endoplasms
  2 giant cockroaches (D:2)
  6 goblins
  10 hobgoblins
  3 jackals (D:1)
  2 kobolds
  2 quokkas (D:1)
  3 frilled lizards
  A rat (D:3)
59 creatures vanquished.

Notes
Turn   | Place    | Note
-------+----------+-------------------------------------------
     0 | D:1      | Stomo the Demonspawn Fighter began the quest for the Orb.
     0 | D:1      | Reached XP level 1. HP: 18/18 MP: 1/1
   143 | D:1      | Gained mutation: You are partially covered in thin metallic
                  | scales. (AC +2) [demonic ancestry]
   143 | D:1      | Reached XP level 2. HP: 24/24 MP: 2/2
   477 | D:1      | Reached skill level 1 in Dodging
   838 | D:1      | Gained mutation: You are partially covered in sharp spines.
                  | [demonic ancestry]
   838 | D:1      | Reached XP level 3. HP: 27/29 MP: 3/3
  1002 | D:2      | Gained mutation: You are mostly covered in thin metallic
                  | scales. (AC +3) [demonic ancestry]
  1002 | D:2      | Reached XP level 4. HP: 22/35 MP: 4/4
  1737 | D:3      | Found Meuwut's Jewellery Shop.
  1884 | D:3      | Gained mutation: You are mostly covered in sharp spines.
                  | [demonic ancestry]
  1884 | D:3      | Reached XP level 5. HP: 42/42 MP: 5/5
  2235 | D:3      | Noticed Sigmund
  2245 | D:3      | Killed from afar by an orc priest

Illustrated notes

Levels and vault maps discovered:
D:1:      dpeg_arrival_rooms_a, layout_loops_cross
D:2:      layout_rooms
D:3:      layout_basic, ebering_ecumenical_altar_mist, serial_shops, shop,
          uniq_sigmund

Skill      XL: |  1  2  3  4  5 |
---------------+----------------+-----
Maces & Flails | 2 |  2.9
Armour         | 3 |  3.6
Dodging        | 1 2 |  2.1
Fighting       | |  3.9
Shields        | |  2.6

Action                   |  1- 3 |  4- 6 || total
-------------------------+-------+-------++-------
Melee: Flail             |    71 |    64 ||   135
       Punch             |     1 |     1 ||     2
Armor: Scale mail        |    41 |    37 ||    78
Dodge: Dodged            |    25 |    37 ||    62
